[Event "9th Porticcio Open 2024"]
[Site "Porticcio"]
[Date "2024.07.01"]
[Round "2.3"]
[White "Kuru, Atilla"]
[Black "Hamdouchi, Hicham"]
[Result "1-0"]
[ECO "C02"]
[WhiteElo "2314"]
[BlackElo "2527"]
[Annotator "TA"]
[PlyCount "43"]
[EventDate "2024.07.01"]
[EventType "swiss"]
[EventCountry "FRA"]
[SourceTitle "playchess.com"]
[Source "ChessBase"]
[SourceQuality "1"]
[TimeControl "5400+30"]

1. e4 e6 2. d4 d5 3. e5 c5 4. c3 Qb6 5. Nf3 Bd7 6. Bd3 cxd4 7. cxd4 Nc6 8. O-O Nxd4 9. Nbd2 Nc6 10. Nb3 Nge7 11. Re1 Ng6 {[%emt 0:00:00] Black has an edge.} 12. Bd2 Be7 13. Rc1 O-O 14. h4 Rae8 ({Inferior is} 14... Nxh4 15. Nxh4 Bxh4 16. Bxh7+ Kxh7 17. Qh5+ Kg8 18. Qxh4 $18) (14... Rfc8 $1 $15) 15. h5 $14 {[%emt 0:03:05][%cal Od2e3] aiming for Be3!} Nh4 16. Nxh4 Bxh4 17. Nc5 {[%emt 0:00:45] And now g3 would win. Active counter play!} Bc8 18. Qg4 $1 $36 {[%emt 0:07:56][%mdl 2048] White is in control.} Qxb2 19. h6 (19. Nb3 $1 $14 Nxe5 20. Rxe5 (20. Qxh4 Nxd3 21. Qg3 Nxc1 $11) 20... Bxf2+ 21. Kxf2 Qxe5 22. Bc3) 19... g6 $2 ({Worse is} 19... Nxe5 20. Qxg7#) (19... Bxf2+ $15 {stays ahead.} 20. Kh1 g6 (20... Qxd2 21. Qxg7#)) 20. Qxh4 $18 {[%emt 0:00:14][%cal Oh4f6] White threatens Qf6! and mate.} Qxd2 {[%emt 0:00:00] [#]} (20... f5 $142 21. Bg5 d4) 21. Rcd1 $1 g5 {[%emt 0:00:00] [#]} 22. Qh5 $1 {[%emt 0:09:11] Weighted Error Value: White=0.13 (very precise) /Black=0.66.  Loses game:     	---       	Black=1      Mistake:       	White=1     	Black=2      Inaccurate:     	White=1     	---        OK:         	White=3     	Black=4      Best:        	White=4     	Black=2      Strong:       	White=2     	---} 1-0

[Event "9th Porticcio Open 2024"]
[Site "Porticcio"]
[Date "2024.07.01"]
[Round "2.4"]
[White "Clarke, Brandon G I"]
[Black "Priansh Das"]
[Result "1/2-1/2"]
[ECO "A03"]
[WhiteElo "2498"]
[BlackElo "2263"]
[Annotator "TA"]
[PlyCount "70"]
[EventDate "2024.07.01"]
[EventType "swiss"]
[EventCountry "FRA"]
[SourceTitle "playchess.com"]
[Source "ChessBase"]
[SourceQuality "1"]
[TimeControl "5400+30"]

1. c3 Nf6 2. d3 g6 3. g3 Bg7 4. Bg2 O-O 5. f4 d5 6. Nf3 c5 7. O-O Nc6 8. Na3 {[%emt 0:04:13] The position is equal.} d4 9. e4 dxe3 10. Bxe3 Bf5 11. Bxc5 Bxd3 12. Re1 Be4 13. Qxd8 Rfxd8 14. Nd4 Bxg2 15. Kxg2 Nxd4 16. Bxd4 Ng4 17. Nc2 e5 18. fxe5 (18. Bxe5 $2 {too greedy.} Rd2+ 19. Kg1 Rxc2 $19) 18... Nxe5 19. Re2 (19. Rxe5 $2 {loses.} Bxe5 20. Be3 Bg7 $19) 19... Nc6 20. Bxg7 Kxg7 21. Rf1 Rd7 22. g4 h6 23. Rf4 Rad8 24. h3 Rd2 25. Rff2 Rxe2 26. Rxe2 $11 {[%emt 0:00:00][%mdl 4096] Endgame. KRN-KRN} f5 27. gxf5 gxf5 28. Rf2 Kg6 29. Ne3 Ne7 30. Kf3 Kf6 31. Ke2 Ke5 32. Rg2 Kf6 33. Rf2 Ke5 34. Rg2 Kf6 {[%emt 0:01:37] Against Rg7} 35. Rf2 Ke5 {[%emt 0:00:09] A rather calm draw.   Weighted Error Value: White=0.02 (flawless) /Black=0.03 (flawless) .  OK:         	White=13    	Black=13} 1/2-1/2

[Event "9th Porticcio Open 2024"]
[Site "Porticcio"]
[Date "2024.07.01"]
[Round "2.5"]
[White "Klek, Hanna Marie"]
[Black "Bailet, Pierre"]
[Result "0-1"]
[ECO "C50"]
[WhiteElo "2300"]
[BlackElo "2491"]
[Annotator "TA"]
[PlyCount "62"]
[EventDate "2024.07.01"]
[EventType "swiss"]
[EventCountry "FRA"]
[SourceTitle "playchess.com"]
[Source "ChessBase"]
[SourceQuality "1"]
[TimeControl "5400+30"]

1. e4 e5 2. Nf3 Nc6 3. Bc4 Nf6 4. d3 Bc5 5. a4 O-O 6. O-O h6 7. a5 a6 8. c3 {[%emt 0:00:27] The position is equal.} d6 9. Be3 Bxe3 10. fxe3 Be6 11. Nbd2 Bxc4 12. Nxc4 d5 13. Ncxe5 dxe4 14. Nxc6 bxc6 15. dxe4 Nxe4 16. Qd4 Qd5 17. Rad1 Rab8 18. Qa4 Qe6 19. Nd4 Qe8 20. Qxc6 Qxc6 21. Nxc6 Rxb2 22. Rd7 Nxc3 23. Ne7+ Kh7 24. Rxc7 Ne4 25. Nf5 Rb5 26. Re7 Nd2 27. Rf4 {[%emt 0:00:26][%mdl 8192] [#] This move loses the game for White.} (27. Nd6 $11 {and White is okay.} Rxa5 28. Rfxf7 Rxf7 29. Rxf7) 27... g5 $1 $19 (27... Rxa5 28. h4 $15) 28. Rd4 {[%emt 0:01:49] [#]} Nb3 $1 (28... Rxf5 29. Rxd2 Rxa5 30. h3 $15) (28... Rxa5 29. Nxh6 Ra1+ 30. Kf2 $11) 29. Nd6 (29. Rd3 $142 Nc1 (29... Rxf5 30. Rxb3 Rxa5 31. h3 $11) (29... Rxa5 30. Nxh6 Kxh6 31. Rxb3 $11) 30. Rd1 Ne2+ (30... Rxf5 31. Rxc1 Rxa5 32. h3 $15) (30... Rxa5 31. Nd4 $16) 31. Kf1) 29... Nxd4 ({Weaker is} 29... Rxa5 30. Rc4 $11) 30. exd4 Rxa5 31. h3 Kg6 {[%emt 0:00:44] Weighted Error Value: White=0.35/Black=0.01 (flawless) .  Loses game:     	White=1     	---        Mistake:       	White=1     	---        OK:         	White=11    	Black=14     Best:        	White=2     	Black=2      Strong:       	---       	Black=2} 0-1

[Event "9th Porticcio Open 2024"]
[Site "Porticcio"]
[Date "2024.07.01"]
[Round "2.6"]
[White "De Balmann, Marc"]
[Black "Druska, Juraj"]
[Result "0-1"]
[ECO "A35"]
[WhiteElo "2194"]
[BlackElo "2466"]
[Annotator "RC"]
[PlyCount "77"]
[EventDate "2024.07.01"]
[EventType "swiss"]
[EventCountry "FRA"]
[SourceTitle "playchess.com"]
[Source "ChessBase"]
[SourceQuality "1"]
[TimeControl "5400+30"]

1. d4 g6 2. c4 Bg7 3. Nc3 c5 4. Nf3 cxd4 5. Nxd4 Nc6 6. e3 Nf6 7. Be2 O-O 8. O-O d5 9. cxd5 Nxd5 10. Nxd5 Qxd5 11. Bf3 Qc5 12. Nxc6 bxc6 13. Qa4 Be6 14. Rb1 Rab8 15. b3 Qb5 16. Ba3 Qxa4 17. bxa4 Bf6 18. Bxc6 Rbc8 19. Be4 Rc4 20. Rb4 Rfc8 21. Rfb1 a5 22. Rxc4 Rxc4 23. f3 Rxa4 24. Bc5 Rxa2 25. Rb7 a4 26. Ra7 Bb3 27. g4 g5 28. f4 gxf4 29. exf4 h6 30. h4 Rd2 31. Ra8+ Kg7 32. Ba3 Rd4 33. g5 Rxe4 34. gxf6+ Kxf6 35. Ra6+ Kf5 36. Kg2 Bd5 37. Ra5 e6 38. Bd6 Rxf4+ 39. Rxd5+ 0-1

[Event "9th Porticcio Open 2024"]
[Site "Porticcio"]
[Date "2024.07.01"]
[Round "2.7"]
[White "Batsiashvili, Nino"]
[Black "Ribeiro, Gustavo"]
[Result "1-0"]
[ECO "E48"]
[WhiteElo "2450"]
[BlackElo "2246"]
[Annotator "TA"]
[PlyCount "67"]
[EventDate "2024.07.01"]
[EventType "swiss"]
[EventCountry "FRA"]
[SourceTitle "playchess.com"]
[Source "ChessBase"]
[SourceQuality "1"]
[TimeControl "5400+30"]

1. d4 Nf6 2. c4 e6 3. Nc3 Bb4 4. e3 O-O 5. Bd3 c5 6. Nge2 d5 7. cxd5 Nxd5 8. O-O cxd4 9. exd4 Nc6 10. a3 Be7 11. Bc4 (11. Nxd5 $11 exd5 12. h3) 11... Nxc3 $15 12. bxc3 b6 13. Qd3 {[%emt 0:10:16] Black has an edge.} Bb7 14. Bb2 Rc8 15. Rac1 Qd7 16. Rfe1 {[%emt 0:08:24] [#]} Ne5 $1 17. dxe5 Qc6 18. Qg3 Qxc4 19. Nd4 Rfd8 20. Rcd1 a5 21. h4 b5 22. Re3 Qa2 23. Bc1 Bxa3 {[%emt 0:00:52] A strong pair of Bishops.} (23... b4 $17 {...Qd5 would now be deadly.} 24. axb4 axb4) 24. Red3 $40 {[%emt 0:09:22][%cal Od4f5][%mdl 128] White mounts an attack.} Bf8 25. Bg5 (25. Nf5 $1 $11 Rxd3 26. Nh6+ Kh8 27. Nxf7+ Kg8 28. Nh6+ Kh8 29. Nf7+ Kg8 30. Nh6+ Kh8 31. Nf7+) 25... Rd5 {[%emt 0:01:40][%cal Bd8d5,Bd5e5,Be5e4][%mdl 32] aiming for ...Qa4.} 26. h5 Qa4 (26... b4 $17 {And now ...bxc3 would win.} 27. cxb4 axb4) 27. Qg4 $1 Rxe5 28. Bf6 $1 Re4 $1 29. f4 $1 {[%emt 0:00:11][%cal Of6g7] Strongly threatening Bxg7!} g6 30. hxg6 hxg6 (30... fxg6 $11 31. Nxe6 Qa2) 31. Qh4 $18 Bg7 {[%emt 0:00:09] [#] Wards off Qh8+} 32. Nb3 $1 Bd5 {[%emt 0:05:44] [#]} (32... Re1+ 33. Rxe1) 33. Rh3 $1 Kf8 {[%emt 0:00:01] [#]} (33... Qd4+ 34. Nxd4) 34. Qh8+ $3 {[%emt 0:00:20][%mdl 512] What a bad dream for Black.   Weighted Error Value: White=0.17 (very precise) /Black=0.43.  Loses game:     	---       	Black=1      Mistake:       	White=1     	Black=2      Inaccurate:     	White=4     	Black=1      OK:         	White=6     	Black=11     Best:        	White=3     	---        Strong:       	White=3     	Black=1} 1-0

[Event "9th Porticcio Open 2024"]
[Site "Porticcio"]
[Date "2024.07.01"]
[Round "2.8"]
[White "Nayak Rajesh"]
[Black "Rakotomaharo, Fy Antenaina"]
[Result "0-1"]
[ECO "C48"]
[WhiteElo "2185"]
[BlackElo "2448"]
[Annotator "TA"]
[PlyCount "98"]
[EventDate "2024.07.01"]
[EventType "swiss"]
[EventCountry "FRA"]
[SourceTitle "playchess.com"]
[Source "ChessBase"]
[SourceQuality "1"]
[TimeControl "5400+30"]

1. e4 e5 2. Nf3 Nc6 3. Nc3 Nf6 4. Bb5 Bd6 5. O-O O-O 6. d3 Re8 7. Ne2 Ne7 8. Bc4 {[%emt 0:16:26] The position is equal.} Ng6 9. Ng5 Re7 10. Ng3 {[%emt 0:10:19] Hoping for Nf5.} (10. c3 $5) 10... h6 11. Nh3 (11. Nf3 $5) 11... Re8 (11... Bc5 $11) 12. Nh5 $14 c6 13. Bb3 Bc5 14. Be3 d6 15. Bxc5 (15. Qf3 $5) 15... dxc5 16. f4 (16. Qf3 $11 {is superior.}) 16... Bxh3 $15 17. gxh3 (17. fxe5 $1 $15 Qd4+ (17... Nxe5 18. Nxf6+ gxf6 19. gxh3 $15) 18. Kh1 Bxg2+ (18... Qxe5 19. gxh3 Qxh5 20. Bxf7+ Kh7 21. Rg1 $16) (18... Rxe5 19. Nxf6+ gxf6 20. gxh3 $11) 19. Kxg2 Rxe5 (19... Qxe5 20. Nxf6+ gxf6 21. Kh1 $11) 20. c3 (20. Nxf6+ gxf6 21. Kh1 Rg5 $17)) 17... exf4 $17 18. Nxf4 {[%emt 0:03:07] [#]} Ne5 19. Nh5 Nxh5 20. Qxh5 Qg5+ (20... Qd4+ $17 21. Kh1 Re7 (21... Qxb2 22. Rab1 $16)) 21. Qxg5 $15 hxg5 22. Kg2 Kf8 23. Rf5 f6 24. Raf1 Ke7 ({Black should play} 24... b5 $17 {And now ...c4 would win.} 25. Rxg5 c4 26. dxc4 bxc4) 25. Rxe5+ $1 $11 fxe5 {[%emt 0:00:04][%mdl 4096] Endgame. KRR-KRB} 26. Rf7+ Kd6 27. Rxg7 Re7 28. Rg6+ Kc7 29. Be6 (29. Rxg5 $11 b5 30. h4) 29... Rd8 $15 30. Bg4 {[%emt 0:01:09][%cal Og2f2] [#]} c4 $1 31. Be2 Rf7 {[%emt 0:02:50] White must now prevent ...Rdf8.} 32. Rxg5 Rdf8 33. Bg4 $2 {[%emt 0:02:00] This costs White the game.} (33. Kg1 $17) 33... Rf2+ 34. Kg3 b5 {[%emt 0:00:38] Strongly threatening ...cxd3.} ({But not} 34... Rxc2 35. dxc4 Rxb2 36. h4 $19) 35. dxc4 bxc4 (35... Rxc2 36. cxb5 cxb5 37. Rxe5 Rxb2 38. h4 $19) 36. Rxe5 Rxc2 37. Re7+ $2 (37. h4 {was necessary.}) 37... Kb6 $19 38. Be6 Kc5 (38... Rxb2 $2 39. Bxc4 Rff2 40. h4 $17) 39. Rb7 Rff2 40. b4+ (40. Rxa7 $142 Rxb2 (40... Rxh2 $2 41. Ra5+ Kd4 42. Ra4 $19) 41. Ra5+ Kb4 42. Ra6) 40... Kd4 (40... Kd6 $2 41. Bxc4 Rg2+ (41... Rxh2 42. b5 $17) 42. Kf3 $19) 41. Rd7+ Kxe4 42. Bf7 Rg2+ 43. Kh4 c3 {[%emt 0:00:46] aiming for ...Rcd2.} 44. Bb3 Rcd2 45. Re7+ Kf5 {[%emt 0:00:32] ( -> ...Rd4+)} 46. Rf7+ Kg6 47. Rf4 c2 48. Rc4 c1=Q 49. Rxc1 Rd4# {[%emt 0:00:03] Weighted Error Value: White=0.58/Black=0.10 (very precise) .  Loses game:     	White=1     	---        Mistake:       	White=5     	Black=3      Inaccurate:     	White=4     	Black=1      OK:         	White=8     	Black=14     Best:        	White=2     	Black=6      Strong:       	White=1     	---} 0-1

[Event "9th Porticcio Open 2024"]
[Site "Porticcio"]
[Date "2024.07.01"]
[Round "2.9"]
[White "Teunisse, Rob"]
[Black "Vuitton, Gilles"]
[Result "0-1"]
[ECO "D02"]
[WhiteElo "1770"]
[BlackElo "1980"]
[Annotator "NA RC"]
[PlyCount "58"]
[EventDate "2024.07.01"]
[EventType "swiss"]
[EventCountry "FRA"]
[SourceTitle "playchess.com"]
[Source "ChessBase"]
[SourceQuality "1"]
[TimeControl "5400+30"]

1. d4 e6 2. Bf4 Nf6 3. e3 c5 4. Nd2 Nc6 5. c3 d5 6. Ngf3 Qb6 7. Rb1 Nh5 8. Bg3 Nxg3 9. hxg3 Be7 10. Bd3 h6 11. Ne5 cxd4 12. exd4 Nxe5 13. dxe5 O-O 14. Nf3 f6 15. Qd2 fxe5 16. Nxe5 Bf6 17. Ng4 e5 18. Nxh6+ gxh6 19. Qxh6 Qc7 20. Bh7+ Kf7 21. Bg6+ Ke7 22. Qd2 Qc6 23. c4 Qxc4 24. Rc1 Qd4 25. Qa5 Bg7 26. Qc7+ Bd7 27. O-O Rac8 28. Qa5 Rxc1 29. Qa3+ Kd8 0-1

[Event "9th Porticcio Open 2024"]
[Site "Porticcio"]
[Date "2024.07.01"]
[Round "2.11"]
[White "Robertson, Blair Michael"]
[Black "Parayre Soguero, Jordi"]
[Result "1-0"]
[ECO "D12"]
[WhiteElo "1998"]
[BlackElo "1931"]
[Annotator "NA RC"]
[PlyCount "89"]
[EventDate "2024.07.01"]
[EventType "swiss"]
[EventCountry "FRA"]
[SourceTitle "playchess.com"]
[Source "ChessBase"]
[SourceQuality "1"]
[TimeControl "5400+30"]

1. d4 d5 2. c4 c6 3. Nf3 Nf6 4. e3 Bf5 5. Nc3 e6 6. Nh4 Bg6 7. Be2 Nbd7 8. O-O Bd6 9. Nxg6 hxg6 10. g3 Qe7 11. c5 Bc7 12. f4 Nh5 13. e4 dxe4 14. Nxe4 Nhf6 15. Nc3 Rd8 16. Qc2 O-O 17. Be3 Rfe8 18. Bf3 Nd5 19. Bf2 N7f6 20. Rab1 b6 21. b4 b5 22. a4 a6 23. Rfe1 Qd7 24. Ne2 Nh7 25. h4 Nhf6 26. Kg2 Ne7 27. Rh1 Nh5 28. Qc1 Nd5 29. Be3 Nxe3+ 30. Qxe3 Nf6 31. Qb3 Nd5 32. Be4 Nf6 33. Bf3 Nh5 34. Qc2 Qe7 35. Bxc6 Rf8 36. axb5 axb5 37. Bxb5 Qf6 38. Qe4 Rd5 39. Bc6 Rf5 40. Rbf1 Rd8 41. b5 Bxf4 42. gxf4 Nxf4+ 43. Rxf4 Rxd4 44. Qxd4 Rxf4 45. Qxf4 1-0

[Event "9th Porticcio Open 2024"]
[Site "Porticcio"]
[Date "2024.07.01"]
[Round "3.2"]
[White "Bailet, Pierre"]
[Black "Anwesh, Upadhyaya"]
[Result "1-0"]
[ECO "C84"]
[WhiteElo "2491"]
[BlackElo "2354"]
[Annotator "TA"]
[PlyCount "71"]
[EventDate "2024.07.01"]
[EventType "swiss"]
[EventCountry "FRA"]
[SourceTitle "playchess.com"]
[Source "ChessBase"]
[SourceQuality "1"]
[TimeControl "5400+30"]

1. e4 e5 2. Nf3 Nc6 3. Bb5 a6 4. Ba4 Nf6 5. O-O Be7 6. d3 b5 7. Bb3 O-O 8. a3 d6 9. Nc3 Bg4 10. Be3 Nd4 11. Bxd4 exd4 12. Nd5 c5 {The position is equal.} 13. a4 Be6 14. Nxe7+ Qxe7 15. Bxe6 Qxe6 {[#]} 16. b4 $1 Nd7 17. bxc5 dxc5 18. Ng5 Qc6 19. f4 h6 20. Nf3 Rfe8 21. Nh4 bxa4 22. Nf5 Kh7 23. e5 {[%mdl 1024] White has compensation.} f6 24. Qg4 g6 25. Nd6 Re7 26. Qh4 $40 {[%mdl 128] Strongly threatening Rf3. White mounts an attack.} Rf8 27. Rae1 {White is more active.} (27. Rf3 $16) 27... g5 (27... a3 $6 28. Ne4 Kg7 29. Nxf6 $16) (27... Re6 $1 $11 {remains equal.}) 28. Qh5 $16 ({Much less strong is} 28. fxg5 fxg5 29. Qh5 Nxe5 (29... Rxe5 $2 {loses.} 30. Rf7+ Rxf7 31. Qxf7+ Kh8 32. Rxe5 $18) (29... Rxf1+ $2 30. Rxf1 Rg7 31. Qe8 $18) 30. Rxf8 Qxd6 $16) 28... fxe5 29. fxe5 Rxf1+ (29... Nxe5 $16 30. Rxf8 Qxd6) 30. Rxf1 $18 {[%cal Be1f1,Bf1f7,Bf7d7,Bd7g7][%mdl 32] White wants to mate with Rf7+.} Rg7 31. Ne8 Rg6 {Prevents Rf6.} 32. Rf7+ Kg8 {[#]} 33. Rxd7 $1 a3 (33... c4 34. Rd8) 34. Nf6+ (34. Re7 $142 Kf8 35. Nd6 Kxe7 36. Qxg6) 34... Rxf6 35. Qe8+ Rf8 {[#]} 36. Rg7+ $3 {[%mdl 512] Weighted Error Value: White=0.09 (flawless) /Black=0.15 (very precise) .  Loses game:     	---       	Black=1      Mistake:       	White=1     	Black=1      Inaccurate:     	---       	Black=1      OK:         	White=11    	Black=5      Best:        	White=1     	Black=1} 1-0

[Event "9th Porticcio Open 2024"]
[Site "Porticcio"]
[Date "2024.07.01"]
[Round "3.3"]
[White "Druska, Juraj"]
[Black "Kavutskiy, Konstantin"]
[Result "1-0"]
[ECO "E71"]
[WhiteElo "2466"]
[BlackElo "2345"]
[Annotator "TA"]
[PlyCount "65"]
[EventDate "2024.07.01"]
[EventType "swiss"]
[EventCountry "FRA"]
[SourceTitle "playchess.com"]
[Source "ChessBase"]
[SourceQuality "1"]
[TimeControl "5400+30"]

1. d4 Nf6 2. c4 g6 3. Nc3 Bg7 4. e4 d6 5. h3 Nbd7 6. Bd3 e5 7. d5 Nc5 8. Bc2 a5 {[%emt 0:00:14] White is slightly better.} 9. Be3 b6 10. Nge2 O-O 11. g4 h5 12. g5 Nh7 13. Qd2 f6 14. gxf6 Bxf6 15. O-O-O {[%emt 0:00:38] aiming for Rdg1.} Ng5 $1 16. Ng1 {[%emt 0:10:18] Prevents Nf3} Qe7 17. f3 Bd7 18. Qg2 Kh7 19. Nge2 Nf7 20. Rhg1 Rg8 21. Kb1 a4 (21... Rg7 $142) 22. Rdf1 ({Better is} 22. f4) 22... Qe8 {[%emt 0:12:22] Loses the game.} (22... Rg7 $16) 23. f4 $18 Qe7 (23... Rg7 $142 24. Qf3 Qe7) 24. Qf3 {[%emt 0:01:15] Black must now prevent f5.} Raf8 25. f5 {[%emt 0:03:13] [#] Threatens to win with fxg6+.} g5 (25... Bg5 26. Bxc5 (26. f6 Bxf6 27. Qxf6 Qxf6 $18) 26... bxc5 27. fxg6+ (27. Nxa4 Bh4 $16) (27. Bxa4 Bxa4 28. Nxa4 h4 $18) 27... Rxg6 28. Bxa4 (28. Qxh5+ Rh6 $18) 28... Bxa4) 26. Qxh5+ Nh6 27. Ng3 a3 28. b4 (28. bxa3 Be8 $18) 28... Na6 29. b5 Nc5 30. Qe2 Be8 31. Rg2 ({Don't play} 31. Bc1 Rg7 32. Nd1 (32. Bxa3 Nb7 $18) 32... Rfg8 33. Bxa3 g4 $18) 31... g4 $2 {[%emt 0:01:36] [#]} (31... Rg7 32. Nd1 (32. Bc1 Rh8 $16) 32... Rh8) 32. hxg4 Bg5 33. Rh2 {[%emt 0:01:01] Weighted Error Value: White=0.14 (very precise) /Black=0.31.  Mistake:       	White=1     	Black=5      Inaccurate:     	White=2     	Black=3      OK:         	White=12    	Black=6      Best:        	White=3     	Black=1      Strong:       	---       	Black=1} 1-0

[Event "9th Porticcio Open 2024"]
[Site "Porticcio"]
[Date "2024.07.01"]
[Round "3.4"]
[White "Bulmaga, Irina"]
[Black "Batsiashvili, Nino"]
[Result "1/2-1/2"]
[ECO "C45"]
[WhiteElo "2391"]
[BlackElo "2450"]
[Annotator "TA"]
[PlyCount "46"]
[EventDate "2024.07.01"]
[EventType "swiss"]
[EventCountry "FRA"]
[SourceTitle "playchess.com"]
[Source "ChessBase"]
[SourceQuality "1"]
[TimeControl "5400+30"]

1. e4 e5 2. Nf3 Nc6 3. d4 exd4 4. Nxd4 Nf6 5. Nxc6 bxc6 6. e5 Qe7 7. Qe2 Nd5 8. c4 Ba6 9. b3 g6 10. Ba3 Nb4 {[%emt 0:00:28] With the idea ...d5.} 11. Bb2 $1 Bg7 12. a3 Nd5 13. Nd2 O-O 14. O-O-O Rfe8 15. Qf3 {[%emt 0:04:54] Prevents Nf4. The position is equal.} Nb6 16. Ne4 $1 Bxe5 17. Bxe5 Qxe5 18. Nf6+ Kf8 {[%emt 0:00:54] [#] White must now prevent ...Qa1+.} 19. Nxe8 (19. Nxh7+ Kg7 20. h4 Kxh7 $19) 19... Qa1+ 20. Kc2 $1 Qa2+ 21. Kc1 $1 Qa1+ 22. Kc2 $1 Qa2+ 23. Kc1 $1 Qa1+ {[%emt 0:00:06] Not much happened in this game.   Weighted Error Value: White=0.00 (flawless) /Black=0.03 (flawless) .  Inaccurate:     	---       	Black=1      OK:         	White=3     	Black=9      Best:        	White=3     	Black=1      Strong:       	White=6     	---} 1/2-1/2

[Event "9th Porticcio Open 2024"]
[Site "Porticcio"]
[Date "2024.07.01"]
[Round "3.5"]
[White "Rakotomaharo, Fy Antenaina"]
[Black "Kuru, Atilla"]
[Result "1-0"]
[ECO "B31"]
[WhiteElo "2448"]
[BlackElo "2314"]
[Annotator "TA"]
[PlyCount "95"]
[EventDate "2024.07.01"]
[EventType "swiss"]
[EventCountry "FRA"]
[SourceTitle "playchess.com"]
[Source "ChessBase"]
[SourceQuality "1"]
[TimeControl "5400+30"]

1. e4 c5 2. a4 e6 3. g3 d5 4. exd5 exd5 5. Bg2 Nf6 6. Ne2 Be7 7. O-O O-O 8. d4 {[%emt 0:00:15] The position is equal.} Bg4 9. dxc5 Bxc5 10. h3 Bxe2 11. Qxe2 Nbd7 12. Nc3 Qa5 13. Bd2 (13. Bxd5 $6 Nxd5 14. Nxd5 Bxf2+ 15. Rxf2 Qxd5 $11) 13... Bb4 14. Rfd1 Nb6 15. Qb5 {[%emt 0:08:12] aiming for Qxa5.} Nc4 (15... Rfd8 $16) 16. Nxd5 $18 (16. Qxb7 $2 Rab8 (16... Nxb2 17. Nxd5 Nxd5 18. Bxd5 $11) 17. Qc6 Ne5 $19 (17... Nxb2 $2 18. Nxd5 Bxd2 19. Nxf6+ gxf6 20. Rf1 $19) (17... Nxb2 $2 18. Rdb1 $19)) 16... Qxb5 (16... Nxd2 $2 17. Nxb4 (17. Qxb4 Qxb4 18. Nxb4 Nde4 $18) 17... Qxb5 18. axb5 $18) 17. axb5 Nxd5 18. Bxd5 Nxd2 19. c3 $1 (19. Bxb7 Rab8 20. Bc6 Nc4 $15) 19... Be7 20. Rxd2 Rfd8 {[%emt 0:00:53] [#]} 21. Rdd1 $1 (21. Bxb7 Rxd2 22. Bxa8 Rxb2 $16) 21... Rab8 22. Rxa7 Bc5 23. Raa1 ({Stronger than} 23. Rxb7 Rxb7 24. Bxf7+ Kxf7 $15) 23... Kf8 24. Bf3 Ke7 25. Kf1 Rxd1+ 26. Rxd1 {[%emt 0:00:06][%mdl 4096] Endgame. KRB-KRB} (26. Bxd1 Rd8 27. Be2 Kd7 $16) 26... g6 (26... Bd6 $142 27. Bd5 Be5) 27. Ke2 f5 (27... b6 $142 28. Bc6 h6 29. Rd7+ Ke6) 28. Rd2 Ke6 (28... Bd6 $142 29. Kd3 Kf7) 29. Kd1 h5 30. Kc2 b6 31. b4 Bd6 32. Bd5+ Kf6 33. Re2 {[%emt 0:00:05] Strongly threatening Re6+.} Rd8 34. Re6+ Kg7 35. c4 g5 36. Kc3 f4 37. g4 hxg4 38. hxg4 Rd7 (38... f3 $142 39. Bxf3 (39. Kd4 Bg3 $18) 39... Kf8) 39. f3 Kf8 40. Kd4 Bxb4 41. Rxb6 Ke7 42. Re6+ Kd8 43. b6 (43. c5 $142 Ra7 44. Kc4 Ba5 45. b6 Rh7 46. Kb5 Bxb6 47. cxb6 Rh2 48. Bc6) 43... Bd2 44. c5 {[%emt 0:00:38][%cal Bc4c5,Bc5c6,Bc6c7][%mdl 32] White mates.} Be3+ 45. Kc4 Bf2 46. c6 Rh7 47. c7+ Kd7 {[%emt 0:00:05] [#]} 48. Re8 $3 {[%emt 0:00:40][%mdl 512] Black did not feel at home in the position after the opening.   Weighted Error Value: White=0.11 (very precise) /Black=0.56.  Mistake:       	---       	Black=5      Inaccurate:     	White=1     	Black=4      OK:         	White=13    	Black=10     Best:        	White=3     	---        Strong:       	White=1     	---} 1-0